[Event "Titled Tuesday Blitz November 9 2021"]
[White "Manafov, Vugar"]
[Black "Jobava, Baadur"]
[WhiteFideId "13410814"]
[BlackFideId "13601520"]
[WhiteElo "2277"]
[BlackElo "2731"]
[Result "1/2-1/2"]
[Round "05"]
[TimeControl "180+1"]
[Date "2021.11.09"]
[WhiteClock "0:03:03"]
[BlackClock "0:02:55"]

1. d4 Nf6 2. c4 c5 3. d5 e6 4. Nc3 exd5 5. cxd5 d6 6. Nf3 g6 7. Bf4 Bg7 8. Qa4+ Bd7 9. Qb3 Bc8 10. Qa4+ Bd7 11. Qb3 Bc8 12. Qa4+ 1/2-1/2


[Site "https://www.chess.com"]

[Event "Titled Tuesday Blitz November 9 2021"]
[White "Matinian, Nikita"]
[Black "Bok, Benjamin"]
[WhiteFideId "24129100"]
[BlackFideId "1017063"]
[WhiteElo "2422"]
[BlackElo "2658"]
[Result "0-1"]
[Round "05"]
[TimeControl "180+1"]
[Date "2021.11.09"]
[WhiteClock "0:00:03"]
[BlackClock "0:00:08"]

1. e4 c5 2. Nf3 d6 3. Bb5+ Nd7 4. d4 cxd4 5. Qxd4 a6 6. Bxd7+ Bxd7 7. Nc3 Nf6 8. Bg5 h6 9. Bxf6 gxf6 10. O-O-O e6 11. Rhe1 b5 12. Kb1 Be7 13. Nd5 exd5 14. exd5 O-O 15. Qf4 Re8 16. Qxh6 Bf8 17. Qf4 Bg7 18. Qxd6 Rxe1 19. Rxe1 Bf5 20. Qc6 Rc8 21. Qxa6 Qxd5 22. a3 Bxc2+ 23. Ka1 Ra8 24. Qb6 f5 25. Qe3 b4 26. Ne5 bxa3 27. bxa3 f4 28. Qc3 Bxe5 29. Qxe5 Rxa3+ 30. Kb2 Ra2+ 31. Kc1 Qxe5 32. Rxe5 Bg6 33. h4 Rxf2 34. Rg5 Kf8 35. h5 Be4 36. h6 f6 37. Rg4 Kf7 38. g3 fxg3 39. Rxe4 g2 40. Rg4 Rf1+ 41. Kd2 g1=Q 42. Rxg1 Rxg1 0-1


[Site "https://www.chess.com"]

[Event "Titled Tuesday Blitz November 9 2021"]
[White "Mustafayev, Farid"]
[Black "Grischuk, Alexander"]
[WhiteFideId "13408771"]
[BlackFideId "4126025"]
[WhiteElo "2091"]
[BlackElo "2757"]
[Result "0-1"]
[Round "05"]
[TimeControl "180+1"]
[Date "2021.11.09"]
[WhiteClock "0:00:08"]
[BlackClock "0:00:21"]

1. d4 Nf6 2. c4 e6 3. Nc3 Bb4 4. e3 b6 5. Bd3 Bb7 6. f3 c5 7. Ne2 cxd4 8. exd4 d5 9. cxd5 Nxd5 10. O-O O-O 11. Bc2 Nd7 12. Qd3 N5f6 13. Bf4 Be7 14. Rfe1 Rc8 15. Rac1 Re8 16. Bb1 Nf8 17. Be5 Ng6 18. Nf4 Nxe5 19. Rxe5 Bd6 20. Rce1 Bxe5 21. Rxe5 g6 22. h4 Qd6 23. Nce2 Red8 24. Rg5 e5 25. Nh3 e4 26. fxe4 Bxe4 27. Qd1 Re8 28. Nhf4 Bxb1 29. Qxb1 Ne4 30. Rd5 Qf6 31. h5 Qh4 32. hxg6 Qf2+ 33. Kh2 hxg6 34. Re5 Rxe5 35. dxe5 Qh4+ 36. Kg1 Ng3 37. Qd3 Nxe2+ 38. Nxe2 Qc4 39. Qe3 Qc5 40. Nd4 Re8 0-1


[Site "https://www.chess.com"]

[Event "Titled Tuesday Blitz November 9 2021"]
[White "Nakamura, Hikaru"]
[Black "Khusnutdinov, Rustam"]
[WhiteFideId "2016192"]
[BlackFideId "13701703"]
[WhiteElo "2884"]
[BlackElo "2571"]
[Result "1-0"]
[Round "05"]
[TimeControl "180+1"]
[Date "2021.11.09"]
[WhiteClock "0:00:26"]
[BlackClock "0:00:02"]

1. d4 Nf6 2. c4 c5 3. d5 g6 4. Nc3 Bg7 5. g3 e6 6. Nf3 exd5 7. cxd5 d6 8. Nd2 O-O 9. Nc4 Na6 10. Bf4 Ne8 11. Bg2 Nac7 12. O-O b6 13. Ne4 Ba6 14. Ncxd6 Nxd6 15. Bxd6 Re8 16. Bxc7 Qxc7 17. Qd2 Rad8 18. Rfe1 Be5 19. Rad1 f5 20. Nc3 Qg7 21. e3 Bxc3 22. bxc3 Bc4 23. Qc2 b5 24. Rd2 Rd6 25. a4 a6 26. Red1 Red8 27. Bf1 Bxf1 28. Kxf1 c4 29. axb5 axb5 30. Rd4 Qe5 31. Qd2 Kg7 32. Kg1 R8d7 33. Kg2 Rd8 34. Kh1 R8d7 35. Kg1 Rd8 36. Rb1 Rxd5 37. Rxb5 Rxd4 38. Rb7+ R4d7 39. Rxd7+ Rxd7 40. Qxd7+ Kh6 41. Qd4 Qb5 42. h3 Qc6 43. Qe5 Qd7 44. Kg2 Qc6+ 45. Kh2 Qa6 46. Qe7 Qc6 47. Kg1 Qd5 48. Qh4+ Kg7 49. Qd4+ Qxd4 50. exd4 1-0


[Site "https://www.chess.com"]

[Event "Titled Tuesday Blitz November 9 2021"]
[White "Obregon, Andres Carlos"]
[Black "Hakobyan, Aram"]
[WhiteFideId "111724"]
[BlackFideId "13306677"]
[WhiteElo "2572"]
[BlackElo "2557"]
[Result "1-0"]
[Round "05"]
[TimeControl "180+1"]
[Date "2021.11.09"]
[WhiteClock "0:00:09"]
[BlackClock "0:00:05"]

1. c4 Nf6 2. Nf3 e6 3. g3 d5 4. Bg2 Be7 5. O-O O-O 6. b3 c5 7. Bb2 d4 8. e3 Nc6 9. exd4 cxd4 10. Re1 Bc5 11. d3 Qc7 12. Ba3 b6 13. Ne5 Bb7 14. Nxc6 Bxc6 15. Bxc6 Qxc6 16. b4 Be7 17. b5 Qb7 18. Bxe7 Qxe7 19. Nd2 Rfd8 20. Nf3 Rd6 21. Ne5 Nd7 22. Qf3 Rf8 23. Nc6 Qf6 24. Qe4 Nc5 25. Qe2 a5 26. f4 Re8 27. Qf3 h6 28. Kg2 Qg6 29. Rad1 Qf6 30. Re5 Nd7 31. Re2 Nc5 32. Rde1 Qf5 33. Rd2 Qf6 34. h4 Rc8 35. Ne5 Rdd8 36. Qf2 Rc7 37. g4 h5 38. gxh5 Qf5 39. Qf3 f6 40. Nc6 Rdd7 41. Kh2 Kf7 42. Qg3 Rc8 43. Rg1 Rg8 44. Qg6+ Qxg6 45. hxg6+ Ke8 46. Re1 Rh8 47. Kg3 Rh6 48. f5 e5 49. Kg4 Rd6 50. h5 Kd7 51. Red1 Kc7 52. Re1 Kd7 53. Rh1 Ke8 54. Kf3 Rd7 55. Ke2 Rc7 56. Kf3 Kd7 57. Kg4 Rc8 58. Rh3 Rch8 59. Re2 Kd6 60. Re1 Na4 61. Re2 Nc3 62. Re1 Nxa2 63. Nxd4 exd4 64. Re6+ Kc5 65. Rc6+ Kb4 66. Rxb6 Nc1 67. Rb7 a4 68. Rxg7 a3 69. Ra7 a2 70. b6 Rb8 71. b7 Kc3 72. c5 Rxb7 73. Ra3+ Rb3 74. Ra8 Rb1 75. g7 a1=Q 76. Rxa1 Rxa1 77. g8=Q Nb3 78. Qc4+ Kb2 79. Rh2+ Ka3 80. Qa6+ Kb4 81. Qc4+ Ka3 82. c6 Rg1+ 83. Kf3 Rc1 84. Qb5 Rc5 85. Qb6 Rxf5+ 86. Ke4 Re5+ 87. Kf4 Rc5 88. c7 Rh7 89. Qa6+ Kb4 90. c8=Q Rxc8 91. Qxc8 Re7 92. Rb2 Re5 93. Qb8+ Rb5 94. Rxb3+ Kxb3 95. Qxb5+ Kc3 96. Qc4+ Kd2 97. Qxd4 f5 98. Qf6 Ke2 99. Qxf5 Kf2 100. Qe4 Kg1 101. Qe2 1-0


[Site "https://www.chess.com"]

[Event "Titled Tuesday Blitz November 9 2021"]
[White "Ostrovskiy, Aleksandr"]
[Black "Bortnyk, Mykola"]
[WhiteFideId "2034239"]
[BlackFideId "14120836"]
[WhiteElo "2340"]
[BlackElo "2582"]
[Result "0-1"]
[Round "05"]
[TimeControl "180+1"]
[Date "2021.11.09"]
[WhiteClock "0:00:01"]
[BlackClock "0:00:15"]

1. e4 Nf6 2. Nc3 d5 3. exd5 Nxd5 4. Bc4 e6 5. d4 Nb6 6. Bd3 Bd7 7. Nf3 Bc6 8. Be3 N8d7 9. O-O Be7 10. a4 a5 11. Re1 O-O 12. h3 h6 13. Nb5 Nd5 14. Bd2 Nb4 15. Bf1 Bxf3 16. gxf3 c6 17. Na3 Nb6 18. c3 N4d5 19. Bd3 Bd6 20. Qe2 Re8 21. Qe4 f5 22. Qe2 Qh4 23. Qf1 Bf4 24. Be3 Rf8 25. Nc4 Nxc4 26. Bxc4 Rf6 27. Bxd5 Rg6+ 28. Kh1 cxd5 29. Bxf4 Qxf4 30. Re3 Ra6 31. Rae1 Rb6 32. R1e2 Kh7 33. Qe1 Qh4 34. Qf1 Qh5 35. Rd3 f4 36. Kh2 Rb3 37. Re5 Qh4 38. Rd2 b5 39. axb5 a4 40. b6 Rxb6 41. c4 Rb3 42. cxd5 exd5 43. Qh1 Qd8 44. Qd1 Qb6 45. Rde2 Rxb2 46. Rxb2 Qxb2 47. Re8 Qxf2+ 0-1


[Site "https://www.chess.com"]

[Event "Titled Tuesday Blitz November 9 2021"]
[White "Paravyan, David"]
[Black "Holt, Conrad"]
[WhiteFideId "4194985"]
[BlackFideId "2034387"]
[WhiteElo "2639"]
[BlackElo "2586"]
[Result "0-1"]
[Round "05"]
[TimeControl "180+1"]
[Date "2021.11.09"]
[WhiteClock "0:00:03"]
[BlackClock "0:00:34"]

1. e4 e6 2. d4 d5 3. Nc3 Nf6 4. Bg5 dxe4 5. Nxe4 Be7 6. Bxf6 Bxf6 7. Nf3 Nd7 8. Qd2 O-O 9. O-O-O Be7 10. h4 b6 11. Qf4 Bb7 12. Kb1 c5 13. dxc5 Bxe4 14. Qxe4 Nxc5 15. Qe1 Qc7 16. Bd3 Rad8 17. Qe2 Bf6 18. Ng5 g6 19. Nf3 Na4 20. c3 Nxc3+ 21. bxc3 Qxc3 22. Rc1 Qxd3+ 23. Qxd3 Rxd3 24. Rc7 a5 25. Rhc1 Rd5 26. a4 b5 27. R7c5 Rxc5 28. Rxc5 bxa4 29. Ka2 Rb8 30. Rc2 Rb4 31. g3 Rb3 32. Ne1 Kg7 33. Re2 h5 34. Ng2 Rb4 35. Ka3 Be7 36. Ka2 Bd6 37. Ne3 Bc5 38. Nd1 Rc4 39. Nb2 Rd4 40. Rc2 Bd6 41. Nc4 Bb4 42. Kb2 Kf6 43. Ka2 e5 44. Kb1 Ke6 45. Ne3 f5 46. Rc6+ Rd6 47. Rc8 f4 48. gxf4 exf4 49. Nc4 Rd4 50. Kc2 Kf5 51. Nb6 Rd2+ 52. Kc1 Rxf2 53. Nxa4 f3 54. Nb6 Re2 55. Nc4 f2 0-1


[Site "https://www.chess.com"]

[Event "Titled Tuesday Blitz November 9 2021"]
[White "Petesch, Gabriel"]
[Black "Kobalia, Mikhail"]
[WhiteFideId "2032465"]
[BlackFideId "4119150"]
[WhiteElo "2374"]
[BlackElo "2543"]
[Result "0-1"]
[Round "05"]
[TimeControl "180+1"]
[Date "2021.11.09"]
[WhiteClock "0:00:01"]
[BlackClock "0:00:52"]

1. Nf3 d5 2. g3 Nd7 3. d4 Nb6 4. Bg2 Bf5 5. O-O e6 6. b3 Be7 7. Bb2 c6 8. Ne5 Nf6 9. Nd2 O-O 10. c4 a5 11. e3 h6 12. Qe2 a4 13. c5 Nbd7 14. Nxd7 Nxd7 15. b4 a3 16. Bc3 Bf6 17. Nb3 e5 18. Rfd1 Re8 19. Na5 exd4 20. Nxb7 Qb8 21. Nd6 dxc3 22. Nxf5 Qxb4 23. Bh3 Nxc5 24. Rac1 Rab8 25. Qf3 Qe4 26. Qe2 Rb2 27. Qf1 c2 28. Rd2 Reb8 29. Nd4 Bxd4 30. Rxd4 Qg6 31. Qe2 Rb1 32. Qd2 0-1


[Site "https://www.chess.com"]

[Event "Titled Tuesday Blitz November 9 2021"]
[White "Polivanov, Anatoliy"]
[Black "Svane, Frederik"]
[WhiteFideId "14109468"]
[BlackFideId "12923044"]
[WhiteElo "2472"]
[BlackElo "2459"]
[Result "0-1"]
[Round "05"]
[TimeControl "180+1"]
[Date "2021.11.09"]
[WhiteClock "0:00:03"]
[BlackClock "0:00:13"]

1. e4 c5 2. Nc3 e6 3. Nf3 a6 4. d4 cxd4 5. Nxd4 b5 6. g3 Bb7 7. Bg2 Nf6 8. O-O b4 9. Na4 Bxe4 10. Bxe4 Nxe4 11. Re1 d5 12. c4 bxc3 13. Nxc3 Nxc3 14. bxc3 Be7 15. Qh5 O-O 16. Bf4 Bf6 17. Rab1 Qd7 18. Nf3 Nc6 19. c4 d4 20. c5 Rfd8 21. Bd6 h6 22. Rb6 Rac8 23. Reb1 Be7 24. Rb7 Qe8 25. Ne5 Bxd6 26. cxd6 Nxe5 27. Qxe5 Qc6 28. R1b6 Qc5 29. Qxc5 Rxc5 30. Rb8 Rcc8 31. Rxc8 Rxc8 32. Rxa6 Kf8 33. Kf1 Ke8 34. Ra7 Rc2 0-1


[Site "https://www.chess.com"]

[Event "Titled Tuesday Blitz November 9 2021"]
[White "Rozman, Levy"]
[Black "Pranav, V"]
[WhiteFideId "2039877"]
[BlackFideId "25060783"]
[WhiteElo "2376"]
[BlackElo "2351"]
[Result "1-0"]
[Round "05"]
[TimeControl "180+1"]
[Date "2021.11.09"]
[WhiteClock "0:00:10"]
[BlackClock "0:00:01"]

1. d4 Nf6 2. c4 e6 3. Nc3 Bb4 4. a3 Bxc3+ 5. bxc3 O-O 6. f3 c5 7. e4 d6 8. Bd3 Nc6 9. Be3 b6 10. Ne2 Ba6 11. Ng3 Na5 12. Qe2 Rc8 13. d5 Nd7 14. f4 exd5 15. cxd5 Bxd3 16. Qxd3 Nb3 17. Rd1 c4 18. Qc2 Nbc5 19. O-O Nd3 20. Bd4 g6 21. Qe2 Qh4 22. Qf3 Rce8 23. Rd2 f5 24. Re2 fxe4 25. Rxe4 Nf6 26. Re6 Ng4 27. h3 Nh6 28. Bf6 Qxf6 29. Rxf6 Rxf6 30. Ne4 Rff8 31. Nxd6 Rd8 32. Nxc4 Nxf4 33. d6 g5 34. Kh2 Nf5 35. Qg4 Ng6 36. Rxf5 1-0


[Site "https://www.chess.com"]

[Event "Titled Tuesday Blitz November 9 2021"]
[White "Rustemov, Alexander"]
[Black "Korchmar, Vasiliy"]
[WhiteFideId "4119002"]
[BlackFideId "24131750"]
[WhiteElo "2787"]
[BlackElo "2370"]
[Result "1/2-1/2"]
[Round "05"]
[TimeControl "180+1"]
[Date "2021.11.09"]
[WhiteClock "0:00:24"]
[BlackClock "0:00:03"]

1. d4 Nf6 2. c4 c6 3. Nc3 d5 4. e3 e6 5. Nf3 a6 6. Qc2 c5 7. cxd5 exd5 8. Be2 Nc6 9. O-O cxd4 10. Nxd4 Nxd4 11. exd4 Be7 12. Bf4 O-O 13. Rfe1 Be6 14. Bd3 Rc8 15. Qb3 b5 16. Rac1 Ne4 17. Bxe4 dxe4 18. d5 Bf5 19. Nxe4 Rxc1 20. Bxc1 Qd7 21. f3 Rd8 22. Rd1 b4 23. Qc4 a5 24. Qa6 Qa4 25. Qe2 Qxa2 26. d6 Bf8 27. Bf4 a4 28. Rd2 Qe6 29. g4 Bg6 30. Kg2 a3 31. bxa3 bxa3 32. Kg3 h5 33. h3 hxg4 34. hxg4 a2 35. Rxa2 Bxe4 36. fxe4 Bxd6 37. e5 Be7 38. Rd2 Qb3+ 39. Qe3 Qxe3+ 40. Bxe3 Rxd2 41. Bxd2 Bc5 42. Kf3 Be7 43. Ke4 Bf8 44. Kd5 Be7 45. Ba5 Bh4 46. Bc7 Bg5 47. Bd6 Bh4 48. Ke4 Bg5 49. Kf5 Bd8 1/2-1/2


[Site "https://www.chess.com"]

[Event "Titled Tuesday Blitz November 9 2021"]
[White "Salinas Herrera, Pablo"]
[Black "Yashmetov, Mikhail"]
[WhiteFideId "3407128"]
[BlackFideId "24198900"]
[WhiteElo "2541"]
[BlackElo "2305"]
[Result "0-1"]
[Round "05"]
[TimeControl "180+1"]
[Date "2021.11.09"]
[WhiteClock "0:00:06"]
[BlackClock "0:00:07"]

1. e4 c6 2. Nf3 d5 3. Nc3 dxe4 4. Nxe4 Nf6 5. Qe2 Nxe4 6. Qxe4 Nd7 7. Bc4 Nf6 8. Ne5 e6 9. Qe2 Bd6 10. O-O O-O 11. d4 c5 12. dxc5 Bxc5 13. Bg5 Be7 14. Rad1 Qc7 15. Rfe1 b6 16. Bb3 a5 17. c3 Ba6 18. Qf3 Rad8 19. Nc6 Bb7 20. Nxe7+ Qxe7 21. Qe3 b5 22. Qb6 a4 23. Bc2 Rb8 24. Qa5 Bd5 25. a3 h6 26. Bh4 Qb7 27. f3 Nd7 28. Qb4 Qc6 29. Qg4 Kh8 30. Bf2 f5 31. Qh4 Kg8 32. Bd4 Nb6 33. Qg3 Rb7 34. Re2 Nc4 35. Bb1 Na5 36. Rde1 Qd7 37. Re5 Nc6 38. Bc5 Nxe5 39. Bxf8 Nxf3+ 40. gxf3 Kxf8 41. Qf4 Qc7 42. Qe3 Qb6 43. Qxb6 Rxb6 44. Kf2 Kf7 45. Ke3 g5 46. Rd1 Kf6 47. h3 h5 48. Rd2 Rb8 49. Rd4 Rg8 50. Kf2 g4 51. hxg4 hxg4 52. fxg4 fxg4 53. Kg3 Bf3 54. Bd3 e5 55. Rd6+ Ke7 56. Rb6 e4 57. Bxb5 Rh8 58. Bc4 Rh3+ 59. Kf4 g3 60. Rb7+ Kd6 61. Rg7 g2 62. Ke3 Rh4 63. Kf2 Rh1 64. Bb5 Rb1 65. Ba6 Rxb2+ 66. Ke3 Rb1 67. Kf2 Ke5 68. Bc4 Kf4 69. Rf7+ Kg5 70. Rg7+ Kf6 71. Rg8 Rc1 72. Bb5 Rc2+ 73. Ke3 Rxc3+ 74. Kf4 Rxa3 75. Rf8+ Ke7 76. Rg8 Ra1 77. Rg7+ Kd6 78. Rxg2 Bxg2 0-1


[Site "https://www.chess.com"]

[Event "Titled Tuesday Blitz November 9 2021"]
[White "Sorokin, Aleksey"]
[Black "Shyaamnikhil P"]
[WhiteFideId "24176460"]
[BlackFideId "5024218"]
[WhiteElo "2476"]
[BlackElo "2300"]
[Result "0-1"]
[Round "05"]
[TimeControl "180+1"]
[Date "2021.11.09"]
[WhiteClock "0:00:06"]
[BlackClock "0:00:12"]

1. e4 c5 2. Nf3 d6 3. d4 cxd4 4. Nxd4 Nf6 5. Nc3 a6 6. Bg5 e6 7. f4 h6 8. Bh4 Qb6 9. Qd2 Qxb2 10. Rb1 Qa3 11. e5 dxe5 12. fxe5 Nfd7 13. Ne4 Qxa2 14. Rd1 Qd5 15. Qe3 Qxe5 16. Be2 Bc5 17. c3 Nc6 18. Bg3 Bxd4 19. cxd4 Qa5+ 20. Rd2 O-O 21. O-O Nb4 22. Bd6 Nd5 23. Qf3 f5 24. Bxf8 Nxf8 25. Bc4 Bd7 26. Rd3 fxe4 27. Qf7+ Kh8 28. Rg3 g6 29. Rxg6 Nxg6 30. Qxg6 Qd2 31. Bxd5 Qxd4+ 32. Kh1 Qg7 33. Qxg7+ Kxg7 34. Bxb7 Ra7 35. Bxe4 a5 36. Ra1 a4 37. Ra3 Kf6 38. Kg1 Ke5 39. Bc2 Kd4 40. Kf2 Bb5 41. Ke1 e5 42. Kd2 e4 43. Re3 Bc6 44. Ra3 Ra5 45. h4 Rf5 46. g4 Rf2+ 47. Kc1 Rf1+ 48. Kb2 Bb5 49. Bxa4 Bd3 50. g5 hxg5 51. hxg5 Rb1+ 52. Ka2 Rb6 53. Be8 Bc4+ 54. Ka1 e3 55. Bh5 Rb5 56. Ra4 Kd3 57. Ra3+ Kd2 58. Ra4 Rc5 59. g6 Rxh5 60. Rxc4 Rg5 61. Rc6 e2 62. Rd6+ Ke3 63. Re6+ Kd3 64. Rd6+ Ke4 65. Re6+ Re5 66. Rxe5+ Kxe5 67. g7 e1=Q+ 0-1


[Site "https://www.chess.com"]

[Event "Titled Tuesday Blitz November 9 2021"]
[White "Suarez Garcia, Carlos"]
[Black "Kalashian, David"]
[WhiteFideId "22230858"]
[BlackFideId "13302418"]
[WhiteElo "2487"]
[BlackElo "2490"]
[Result "1-0"]
[Round "05"]
[TimeControl "180+1"]
[Date "2021.11.09"]
[WhiteClock "0:00:49"]
[BlackClock "0:00:03"]

1. Nf3 Nf6 2. b3 d5 3. Bb2 e6 4. g3 c5 5. e3 Nc6 6. Bg2 Be7 7. O-O O-O 8. c4 d4 9. exd4 cxd4 10. Re1 Re8 11. d3 Bf8 12. Ba3 Bxa3 13. Nxa3 e5 14. Nc2 a5 15. a3 Bf5 16. Nh4 Bg4 17. Qd2 h6 18. b4 axb4 19. axb4 Rxa1 20. Rxa1 g5 21. Nf3 e4 22. dxe4 Nxe4 23. Qd3 Nc3 24. b5 Bxf3 25. Qxf3 Ne5 26. Qxb7 d3 27. Ne3 d2 28. Bd5 Kg7 29. Kg2 Re7 30. Nf5+ Kf6 31. Nxe7 d1=Q 32. Ra6+ Kg7 33. Nf5+ Kg8 34. Ra8 Nxd5 35. Rxd8+ Kh7 36. Qxd5 Nd3 37. Qxd3 1-0


[Site "https://www.chess.com"]

[Event "Titled Tuesday Blitz November 9 2021"]
[White "Svane, Rasmus"]
[Black "Papasimakopoulos, Alexandros"]
[WhiteFideId "4657101"]
[BlackFideId "4244125"]
[WhiteElo "2643"]
[BlackElo "2394"]
[Result "1-0"]
[Round "05"]
[TimeControl "180+1"]
[Date "2021.11.09"]
[WhiteClock "0:00:39"]
[BlackClock "0:00:34"]

1. Nf3 f5 2. d3 d6 3. e4 g6 4. exf5 Bxf5 5. d4 Bg7 6. Bd3 Qd7 7. O-O Nf6 8. Re1 Nc6 9. Bb5 a6 10. Ba4 b5 11. Bb3 d5 12. Ne5 Nxe5 13. dxe5 Ng4 14. Qxd5 Qxd5 15. Bxd5 Rd8 16. Bc6+ Kf7 17. f4 Bxc2 18. Nc3 h5 19. a4 bxa4 20. Bxa4 Bf5 21. Bb3+ e6 22. Rxa6 Bf8 23. Rc6 Rd7 24. h3 Nh6 25. Nb5 Bb4 26. Rf1 Ba5 27. Be3 Rb8 28. Bc4 Ng8 29. Ra1 Ne7 30. Ra6 Bb6 31. Bxb6 Rxb6 32. Rxb6 cxb6 33. Nd6+ Kg7 34. Ra6 Nc6 35. Rxb6 Nd4 36. b4 Ra7 37. Ra6 Rc7 38. Ne8+ 1-0


[Site "https://www.chess.com"]

[Event "Titled Tuesday Blitz November 9 2021"]
[White "Sydoryka, Vladyslav"]
[Black "Nagy, Gabor"]
[WhiteFideId "14145928"]
[BlackFideId "737119"]
[WhiteElo "2264"]
[BlackElo "2534"]
[Result "0-1"]
[Round "05"]
[TimeControl "180+1"]
[Date "2021.11.09"]
[WhiteClock "0:01:37"]
[BlackClock "0:01:25"]

1. c4 e5 2. g3 h5 3. Nf3 e4 4. Nh4 g5 5. Ng2 h4 6. g4 d5 7. cxd5 Bxg4 8. Qa4+ Qd7 9. Qxe4+ Be7 10. Ne3 Nf6 11. Qe5 Rg8 12. Nc3 Na6 13. Nxg4 Nxg4 14. Qe4 Nc5 15. Qc4 Ne5 16. Qb5 c6 17. dxc6 bxc6 18. Qa5 Nc4 19. Qb4 Nd3+ 20. exd3 Bxb4 21. dxc4 Bxc3 22. bxc3 Qe6+ 23. Be2 O-O-O 24. d4 f5 25. Kd1 Qe4 26. Re1 Rxd4+ 27. Bd2 Rxd2+ 28. Kxd2 Rd8+ 29. Kc1 Qf4+ 30. Kb2 Rd2+ 31. Kb3 Qb8+ 0-1


[Site "https://www.chess.com"]

[Event "Titled Tuesday Blitz November 9 2021"]
[White "Talcrifice"]
[Black "Visakh N R"]
[BlackFideId "25012223"]
[WhiteElo "2648"]
[BlackElo "2454"]
[Result "0-1"]
[Round "05"]
[TimeControl "180+1"]
[Date "2021.11.09"]
[WhiteClock "0:00:47"]
[BlackClock "0:01:02"]

1. d4 Nf6 2. c4 e6 3. Nf3 Bb4+ 4. Bd2 c5 5. dxc5 Bxc5 6. Nc3 O-O 7. Bf4 d5 8. e3 Nc6 9. cxd5 Nxd5 10. Nxd5 exd5 11. Bd3 d4 12. e4 Qf6 13. Bg3 Bb4+ 14. Kf1 Bg4 15. h3 Bh5 16. Kg1 Bd6 17. Bxd6 Qxd6 18. g4 Bg6 19. Kg2 h5 20. Nh4 Bh7 21. Nf5 Qf4 22. Qf3 Qg5 23. Qg3 Rfe8 24. gxh5 Qxg3+ 25. Kxg3 Nb4 26. Bc4 Bxf5 27. exf5 Rac8 28. Rac1 d3 29. a3 d2 30. Rcd1 Rxc4 31. axb4 Rd8 32. Kf3 Rxb4 33. Ke2 Re4+ 34. Kf3 Re5 35. Kf4 Rb5 36. Rhg1 Kh7 37. Rg3 Rxb2 38. Re3 Kh6 39. Re7 f6 40. Rg1 Rb4+ 41. Ke3 Rb3+ 42. Ke4 d1=Q 43. Rexg7 Qf3# 0-1


[Site "https://www.chess.com"]

[Event "Titled Tuesday Blitz November 9 2021"]
[White "Tarasenka, Aliaksandra"]
[Black "Yeletsky, Ivan"]
[WhiteFideId "13514288"]
[BlackFideId "24180327"]
[WhiteElo "1796"]
[BlackElo "2352"]
[Result "0-1"]
[Round "05"]
[TimeControl "180+1"]
[Date "2021.11.09"]
[WhiteClock "0:00:03"]
[BlackClock "0:00:25"]

1. e4 d6 2. d4 Nf6 3. Nc3 g6 4. Bg5 c6 5. Nf3 h6 6. Bxf6 exf6 7. Bd3 h5 8. Qe2 Bh6 9. e5 O-O 10. O-O Re8 11. Rad1 Nd7 12. Ne4 d5 13. Nd6 Re7 14. Nh4 fxe5 15. Nxg6 fxg6 16. Bxg6 Nf6 17. Nxc8 Qxc8 18. dxe5 Qg4 19. Qd3 Rxe5 20. h3 Qc4 21. Qf3 Rf8 22. Bd3 Qf4 23. Qxf4 Bxf4 24. g3 Bh6 25. f4 Re3 26. Kf2 Rfe8 27. Rfe1 Rxe1 28. Rxe1 Rxe1 29. Kxe1 h4 30. Kf2 hxg3+ 31. Kxg3 Nh5+ 32. Kg4 Nxf4 33. Bf5 c5 0-1


[Site "https://www.chess.com"]

[Event "Titled Tuesday Blitz November 9 2021"]
[White "Tari, Aryan"]
[Black "Cunha, Lucas Aguiar"]
[WhiteFideId "1510045"]
[BlackFideId "2125404"]
[WhiteElo "2656"]
[BlackElo "2361"]
[Result "1-0"]
[Round "05"]
[TimeControl "180+1"]
[Date "2021.11.09"]
[WhiteClock "0:00:38"]
[BlackClock "0:01:51"]

1. e4 c5 2. Nc3 Nc6 3. f4 g6 4. Nf3 Bg7 5. Bb5 Nd4 6. O-O e6 7. e5 Ne7 8. Nxd4 cxd4 9. Ne4 O-O 10. Kh1 d5 11. Nf2 f6 12. exf6 Bxf6 13. Ng4 Bg7 14. Ne5 Nf5 15. Qg4 Qc7 16. b3 Qxc2 17. Ba3 Rf6 18. Rfc1 Qxd2 19. Rc7 Ne3 20. Qh3 Rxf4 21. Rxc8+ Rxc8 22. Qxe6+ Kh8 23. Qxc8+ Rf8 24. Qh3 Rf5 25. Nxg6+ Kg8 26. Ne7+ Kh8 27. Ng6+ Kg8 28. Ne7+ Kh8 29. Nxf5 1-0


[Site "https://www.chess.com"]

[Event "Titled Tuesday Blitz November 9 2021"]
[White "Wagh Suyog"]
[Black "Martinez Alcantara, Jose Eduardo"]
[WhiteFideId "25071688"]
[BlackFideId "3805662"]
[WhiteElo "2219"]
[BlackElo "2690"]
[Result "0-1"]
[Round "05"]
[TimeControl "180+1"]
[Date "2021.11.09"]
[WhiteClock "0:00:11"]
[BlackClock "0:01:07"]

1. e4 c5 2. Nf3 d6 3. d4 cxd4 4. Nxd4 Nf6 5. Nc3 a6 6. Bg5 e6 7. f4 Be7 8. Qe2 h6 9. Bxf6 Bxf6 10. O-O-O Bd7 11. e5 dxe5 12. fxe5 Be7 13. Kb1 Qc7 14. Nf3 Nc6 15. g4 O-O-O 16. Bg2 Kb8 17. a3 Bc8 18. Qc4 Rxd1+ 19. Rxd1 Rd8 20. Re1 Na5 21. Qxc7+ Kxc7 22. Ne4 Nc4 23. a4 Nb6 24. b3 Nd5 25. c4 Nf4 26. Bf1 b6 27. Kc2 Bb7 28. Ng1 Bb4 29. Nc3 Bc5 30. Nh3 Ng6 31. Bd3 Nh4 32. Be4 Nf3 33. Bxf3 Bxf3 34. Rf1 Bxg4 35. Rxf7+ Rd7 36. Rxd7+ Kxd7 37. Nf4 Bg1 38. h3 Bf5+ 39. Kd2 g5 40. Nfe2 Bh2 41. a5 bxa5 42. Na4 Bxe5 43. Ke3 Bxh3 44. Ke4 Bd6 45. c5 Bg2+ 46. Kd4 Bc7 47. Kc4 h5 48. Nd4 Bd5+ 49. Kd3 h4 50. c6+ Ke7 51. Nc3 h3 0-1


[Site "https://www.chess.com"]

[Event "Titled Tuesday Blitz November 9 2021"]
[White "Xiong, Jeffery"]
[Black "Ozen, Deniz"]
[WhiteFideId "2047640"]
[BlackFideId "6349196"]
[WhiteElo "2699"]
[BlackElo "2326"]
[Result "1/2-1/2"]
[Round "05"]
[TimeControl "180+1"]
[Date "2021.11.09"]
[WhiteClock "0:00:10"]
[BlackClock "0:00:15"]

1. d4 d5 2. Nf3 Nf6 3. Bf4 Nh5 4. Be5 Nc6 5. e3 Nxe5 6. Nxe5 Nf6 7. Bd3 g6 8. h4 Bg7 9. h5 Nxh5 10. Rxh5 gxh5 11. Qxh5 Bxe5 12. Qxe5 Rf8 13. Nc3 c6 14. Qh5 Qd6 15. Ne2 Bd7 16. O-O-O O-O-O 17. Nf4 h6 18. Rh1 Kb8 19. a3 Rde8 20. g3 e5 21. dxe5 Qxe5 22. Qxe5+ Rxe5 23. Rxh6 Ree8 24. Rf6 Kc7 25. c4 Be6 26. cxd5 Bxd5 27. g4 Kd8 28. g5 Ke7 29. e4 Be6 30. e5 Bd5 31. g6 Kd8 32. Nxd5 cxd5 33. Rxf7 Rxf7 34. gxf7 Rf8 35. Bg6 Ke7 36. f4 Rc8+ 37. Kd2 Rc4 38. f5 Rf4 39. f6+ Kf8 40. Ke3 Rf1 41. Kd4 b5 42. Kxd5 a5 43. Bh5 Rf2 44. b4 axb4 45. axb4 Rxf6 46. Be2 Rf4 47. e6 Rxb4 48. Bd3 Rb3 49. Bg6 Re3 50. Kd6 Re1 51. Kc5 Rxe6 52. Bd3 Re5+ 53. Kb4 Kxf7 54. Bxb5 Ke7 55. Bc4 Rg5 56. Kc3 Kf6 57. Kd4 Rg4+ 58. Kc5 Rg1 59. Kd4 Rd1+ 60. Kc3 Ke5 61. Bb3 Rd8 62. Kb2 Kd4 63. Bc2 Rb8+ 64. Ka1 Kc3 65. Bb1 Rb7 66. Ba2 Rh7 67. Bb1 Rh2 68. Ba2 Kc2 69. Bd5 Rd2 70. Be4+ Kb3 71. Bb1 Rf2 72. Be4 Kc3 73. Bb1 Rf4 74. Ba2 Rb4 75. Bb1 Rb6 76. Ba2 Rh6 77. Bb1 Rh2 78. Ba2 Kc2 79. Bb1+ Kc1 80. Ba2 Rh6 81. Bb1 Rb6 82. Ba2 Kc2 83. Bd5 Rb4 84. Ba2 Rb5 85. Be6 Rb6 86. Ba2 Rb7 87. Bd5 Rb5 88. Ba2 Re5 89. Bb1+ Kc1 90. Ba2 Re1 91. Bb1 Re2 92. Ba2 Rb2 93. Bd5 Kc2 94. Be4+ Kc3 95. Bb1 Rd2 96. Ba2 Rd4 97. Bb1 Ra4+ 98. Ba2 Ra5 99. Kb1 Ra6 100. Ka1 Ra7 101. Kb1 Ra8 102. Ka1 Rf8 103. Bb1 Kb3 104. Ba2+ 1/2-1/2


[Site "https://www.chess.com"]